 Dungeon Crawl Stone Soup version 0.32-a0-172-gc5dd13f2a7 (webtiles) character file.

Game seed: 8940253171179338000

1328 Rennog the Poker (level 8, -5/67 HPs)
             Began as a Gnoll Wanderer on Feb 12, 2024.
             Was an Initiate of Okawaru.
             Slain by a mummy (13 damage)
             ... in an ossuary.
             The game lasted 00:09:38 (4652 turns).

Rennog the Poker (Gnoll Wanderer)                   Turns: 4652, Time: 00:09:39

Health: -5/67      AC: 16    Str: 21    XL:     8   Next: 60%
Magic:  13/14      EV:  9    Int: 11    God:    Okawaru [......]
Gold:   118        SH:  0    Dex: 11    Spells: 15/16 levels left

rFire   . . .        q - +1 flail (drain)
rCold   . . .        (no shield)
rNeg    . . .        y - +0 plate armour
rPois   .            (no helmet)
rElec   .            (no cloak)
rCorr   .            (no gloves)
SInv    .            i - +1 pair of boots
Will    .....        (no amulet) Stlth
                     z - +6 ring of strength
HPRegen 0.31/turn    (no ring)
MPRegen 0.14/turn

%: no passive effects
@: mighty, heroic
A: fangs 1, strong nose, distributed training
a: Renounce Religion


You were in an ossuary.
You worshipped Okawaru.
Okawaru was noncommittal.
You visited 2 branches of the dungeon, and saw 7 of its levels.
You also visited: Ossuary.

You collected 183 gold pieces.
You spent 65 gold pieces at shops.

Inventory:

Hand Weapons
 a - a +3 spear
 q - a +1 flail of draining (weapon)
Armour
 i - a +1 pair of boots (worn)
 l - a +0 ring mail
 n - a +0 chain mail
 y - a +0 plate armour (worn)
Jewellery
 p - a ring of wizardry
 z - a +6 ring of strength (left hand)
Talismans
 f - a blade talisman
Wands
 C - a wand of flame (23)
Scrolls
 d - 2 scrolls of teleportation {unknown}
 e - 2 scrolls of identify {unknown}
 h - 3 scrolls of blinking {unknown}
 j - a scroll of immolation {unknown}
 k - a scroll of butterflies {unknown}
 u - a scroll of poison {unknown}
 v - a scroll of enchant weapon {unknown}
 w - a scroll of fear {unknown}
 x - a scroll of revelation {unknown}
 B - a scroll of noise {unknown}
Potions
 b - a potion of might
 c - a potion of enlightenment {unknown}
 g - a potion of berserk rage {unknown}
 m - a potion of invisibility {unknown}
 o - 2 potions of ambrosia {unknown}
 r - 2 potions of attraction {unknown}
 s - a potion of haste {unknown}
 t - a potion of curing
 A - a potion of heal wounds
 D - a potion of mutation {unknown}


   Skills:
 + Level 7.5(12.5) Fighting
 + Level 3.5(8.5) Short Blades
 + Level 3.5(8.5) Long Blades
 + Level 3.5(8.5) Axes
 + Level 3.5(8.5) Maces & Flails
 + Level 7.5(12.5) Polearms
 + Level 3.5(8.5) Staves
 + Level 3.5(8.5) Ranged Weapons
 + Level 3.5(8.5) Throwing
 + Level 4.4(9.4) Armour
 + Level 4.4(9.4) Dodging
 + Level 3.5(8.5) Stealth
 + Level 3.5(8.5) Shields
 + Level 3.5(8.5) Unarmed Combat
 + Level 4.6 Spellcasting
 + Level 2.9 Conjurations
 + Level 2.9 Hexes
 + Level 2.9 Summonings
 + Level 2.9 Necromancy
 + Level 2.9 Translocations
 + Level 2.9 Fire Magic
 + Level 3.6 Ice Magic
 + Level 2.9 Air Magic
 + Level 2.9 Earth Magic
 + Level 2.9 Alchemy
 + Level 3.9 Invocations
 + Level 3.5 Evocations
 + Level 3.2 Shapeshifting


You had 15 spell levels left.
You knew the following spells:

 Your Spells              Type           Power      Damage    Failure   Level
a - Freeze                Ice            40%        1d6       61%         1

Your spell library contained the following spells:

 Spells                   Type           Power      Damage    Failure   Level
 Ensorcelled Hibernation  Hex/Ice        18%        N/A       80%         2
 Frozen Ramparts          Ice            20%        1d4       93%         3
 Fugue of the Fallen      Necr           8%         N/A       97%         3
 Anguish                  Hex/Necr       4%         N/A       100%        4


Dungeon Overview and Level Annotations

Branches:
Dungeon (6/15)             Temple (1/1) D:5         Ossuary (1/1)

Altars:
Cheibriados
Fedhas
Gozag
Hepliaklqana
Okawaru
Ru
Trog
Uskayaw
Vehumet
Wu Jian
Yredelemnul
Zin
The Shining One

Shops:
D:3 *!

Annotations:
D:4 Eustachio


Innate Abilities, Weirdness & Mutations

You have very sharp teeth.
Your uncanny sense of smell can sniff out nearby items.
Your experience applies equally to all skills.


Message History

The scorpion zombie closely misses you.
You hit the scorpion zombie.
You bite the scorpion zombie, but do no damage.
The scorpion zombie is lightly damaged.
The scorpion zombie closely misses you.
You hit the scorpion zombie but do no damage.
The scorpion zombie is lightly damaged.
The scorpion zombie closely misses you.
You hit the scorpion zombie but do no damage.
You bite the scorpion zombie, but do no damage.
The scorpion zombie is lightly damaged.
The scorpion zombie closely misses you. The mummy barely misses you.
The mummy hits you!
You hit the scorpion zombie.
The scorpion zombie is lightly damaged.
The scorpion zombie closely misses you.
You sock the scorpion zombie!
You bite the scorpion zombie, but do no damage.
The scorpion zombie is severely damaged.
The scorpion zombie hits you.
* * * LOW HITPOINT WARNING * * *
The mummy barely misses you. The mummy closely misses you.
You feel very mighty all of a sudden.
The scorpion zombie hits you but does no damage.
The mummy hits you but does no damage.
You sock the scorpion zombie!
You destroy the scorpion zombie!
Okawaru accepts your kill. The mummy barely misses you. The mummy hits you.
* * * LOW HITPOINT WARNING * * *
The mummy hits you!
* * * LOW HITPOINT WARNING * * *
You sock the mummy!
The mummy is severely damaged.
You sock the mummy!
You destroy the mummy!
Okawaru accepts your kill. The mummy hits you!
You die...

###
######..#
#......##
+.∩@∩...#
#..M...##
######..#
###


You could see a mummy.

Vanquished Creatures
  A sky beast (D:6)
  An ice beast (D:5)
  An ogre (D:5)
  2 phantoms
  A kobold brigand (D:6)
  A bullfrog (D:6)
  3 scorpions
  A bombardier beetle (D:6)
  2 hounds
  2 jellies
  A sleepcap (D:5)
  6 iguanas
  4 orc wizards
  A scorpion zombie (Ossuary)
  A mummy (Ossuary)
  3 adders
  A white imp (D:6)
  A dart slug (D:2)
  2 ribbon worms
  26 orcs
  2 bats
  4 endoplasms
  4 giant cockroaches
  8 goblins
  2 hobgoblins
  2 jackals (D:1)
  2 quokkas
  5 ball pythons
  7 frilled lizards
  11 kobolds
  3 rats
111 creatures vanquished.

Notes
Turn   | Place    | Note
-------+----------+-------------------------------------------
     0 | D:1      | Rennog the Gnoll Wanderer began the quest for the Orb.
     0 | D:1      | Rennog set off with the following items: a +3 spear, a
                  | potion of might, a +0 leather armour; and the following
                  | spell memorised: Freeze; and the following spells available
                  | to memorise: Frozen Ramparts.
     0 | D:1      | Reached XP level 1. HP: 23/23 MP: 4/4
   214 | D:1      | Reached XP level 2. HP: 29/29 MP: 5/5
  1252 | D:2      | Reached XP level 3. HP: 35/35 MP: 7/7
  1271 | D:2      | Reached skill level 1 in Invocations
  1590 | D:2      | Found a faded altar of an unknown god.
  1611 | D:2      | Reached skill level 1 in Short Blades
  1611 | D:2      | Reached skill level 1 in Long Blades
  1611 | D:2      | Reached skill level 1 in Axes
  1611 | D:2      | Reached skill level 1 in Maces & Flails
  1611 | D:2      | Reached skill level 1 in Staves
  1611 | D:2      | Reached skill level 1 in Ranged Weapons
  1611 | D:2      | Reached skill level 1 in Throwing
  1611 | D:2      | Reached skill level 1 in Stealth
  1611 | D:2      | Reached skill level 1 in Shields
  1611 | D:2      | Reached skill level 1 in Unarmed Combat
  1611 | D:2      | Reached skill level 1 in Evocations
  1615 | D:2      | Prayed at the altar of an unknown god.
  1615 | D:2      | Became a worshipper of Ru the Awakened
  2045 | D:3      | Reached skill level 1 in Shapeshifting
  2045 | D:3      | Reached XP level 4. HP: 38/41 MP: 8/8
  2163 | D:3      | Found Iptah's Assorted Antiques.
  2248 | D:3      | Found Votalue's Distillery.
  2257 | D:3      | Reached skill level 1 in Conjurations
  2257 | D:3      | Reached skill level 1 in Hexes
  2257 | D:3      | Reached skill level 1 in Summonings
  2257 | D:3      | Reached skill level 1 in Necromancy
  2257 | D:3      | Reached skill level 1 in Translocations
  2257 | D:3      | Reached skill level 1 in Fire Magic
  2257 | D:3      | Reached skill level 1 in Air Magic
  2257 | D:3      | Reached skill level 1 in Earth Magic
  2257 | D:3      | Reached skill level 1 in Alchemy
  2277 | D:3      | Bought a potion of heal wounds for 65 gold pieces
  2567 | D:4      | Noticed Eustachio
  2567 | D:4      | Noticed a black bear
  2594 | D:3      | Reached XP level 5. HP: 43/47 MP: 9/9
  2617 | D:4      | Found an opulent altar of Gozag.
  2620 | D:4      | Found a snail-covered altar of Cheibriados.
  2622 | D:4      | Found a sacrificial altar of Ru.
  2894 | D:4      | Reached XP level 6. HP: 16/53 MP: 9/11
  3317 | D:5      | Entered Level 5 of the Dungeon
  3422 | D:5      | Noticed an ice beast
  3434 | D:5      | Killed an ice beast
  3435 | D:5      | Reached XP level 7. HP: 31/60 MP: 12/12
  3847 | D:5      | Found a staircase to the Ecumenical Temple.
  3865 | Temple   | Entered the Ecumenical Temple
  3964 | Temple   | Fell from the grace of Ru
  3964 | Temple   | Became a worshipper of Warmaster Okawaru
  4374 | D:6      | Reached XP level 8. HP: 54/67 MP: 14/14
  4608 | D:6      | Found a sand-covered staircase.
  4623 | D:6      | Reached * piety under Okawaru
  4636 | Ossuary  | Entered an ossuary
  4652 | Ossuary  | Slain by a mummy

Illustrated notes

Levels and vault maps discovered:
D:1:      dpeg_arrival_leaves_temple_mockup, layout_basic, minmay_tripent
D:2:      layout_loops_corners, hellmonk_ecumenical_altar_pennies_from_heaven
D:3:      layout_basic, serial_shops, shop, nicolae_shop_crystal,
          grunt_ministairs_8, chequers_serial_rivers_micro_e
D:4:      layout_gridville, nicolae_overflow_hidden_temple, uniq_eustachio
D:5:      layout_rooms, minmay_temple_entry_large_hall
D:6:      layout_rooms, mainiacjoe_overflow_boulevard,
          lightli_ossuary_entry_decrepit_ruins
Temple:   dpeg_chambers_temple
Ossuary:  ossuary_minmay_chase

Skill      XL: |  1  2  3  4  5  6  7  8 |
---------------+-------------------------+-----
Ice Magic      | 2 3 |  3.6
Invocations    | 1 2 3 |  3.9
Short Blades   | 1 2 3 |  3.5
Long Blades    | 1 2 3 |  3.5
Axes           | 1 2 3 |  3.5
Maces & Flails | 1 2 3 |  3.5
Staves         | 1 2 3 |  3.5
Ranged Weapons | 1 2 3 |  3.5
Throwing       | 1 2 3 |  3.5
Stealth        | 1 2 3 |  3.5
Shields        | 1 2 3 |  3.5
Unarmed Combat | 1 2 3 |  3.5
Evocations     | 1 2 3 |  3.5
Shapeshifting  | 1 2 3 |  3.2
Spellcasting   | 3 4 |  4.6
Conjurations   | 1 2 |  2.9
Hexes          | 1 2 |  2.9
Summonings     | 1 2 |  2.9
Necromancy     | 1 2 |  2.9
Translocations | 1 2 |  2.9
Fire Magic     | 1 2 |  2.9
Air Magic      | 1 2 |  2.9
Earth Magic    | 1 2 |  2.9
Alchemy        | 1 2 |  2.9
Armour         | 3 4 |  4.4
Dodging        | 3 4 |  4.4
Fighting       | 7 |  7.5
Polearms       | 7 |  7.5

Action                     |  1- 3 |  4- 6 |  7- 9 || total
---------------------------+-------+-------+-------++-------
  Melee: Spear             |    85 |   109 |       ||   194
         Bite              |     4 |    13 |    21 ||    38
         Flail             |       |    25 |   165 ||   190
 Invoke: Heroism           |       |       |     1 ||     1
    Use: Potion            |       |     3 |     1 ||     4
   Stab: Sleeping          |     1 |       |       ||     1
 Armour: Leather armour    |     6 |       |       ||     6
         Chain mail        |    13 |   123 |    60 ||   196
         Plate armour      |       |       |   149 ||   149
  Dodge: Dodged            |    18 |    54 |    86 ||   158

Table legend: (Time is in decaauts)
 A = Elapsed time spent in this place.
 B = Non-inter-level travel time spent in this place.
 C = Inter-level travel time spent in this place.
 D = Time resting spent in this place.
 E = Time spent auto-exploring this place.
 F = Levels seen in this place.
 G = Mean time per level.
                   A        B        C        D        E       F      G
               +--------+--------+--------+--------+--------+-----+--------+
         Total |   4655 |   4155 |    500 |     97 |   3200 |   8 |  581.9 |
       Dungeon |   4513 |   4137 |    376 |     97 |   3200 |   6 |  752.2 |
        Temple |    126 |      2 |    124 |      0 |      0 |   1 |  126.0 |
       Ossuary |     15 |     15 |      0 |      0 |      0 |   1 |   15.0 |
               +--------+--------+--------+--------+--------+-----+--------+

Top non-repeatable levels by time:
     D:2: 999 daAuts
     D:1: 961 daAuts
     D:5: 941 daAuts
     D:4: 760 daAuts
     D:3: 555 daAuts
     D:6: 295 daAuts
  Temple: 126 daAuts
 Ossuary: 15 daAuts
